 Dungeon Crawl Stone Soup version 0.29.1-2-gbd0b4ee654 (webtiles) character file.

Game seed: 3878862495997514398

54854 croobank the Covert (level 14, 0/110 HPs)
             Began as a Demonspawn Conjurer on Oct 28, 2022.
             Was an Initiate of Gozag.
             Slain by an orc knight
             ... wielding a +0 halberd
              (27 damage)
             ... on level 2 of the Orcish Mines.
             The game lasted 01:56:10 (31724 turns).

croobank the Covert (Demonspawn Conjurer)          Turns: 31724, Time: 01:56:11

Health: 0/110      AC: 26    Str: 17    XL:     14   Next: 36%
Magic:  27/27      EV: 12    Int: 26    God:    Gozag
Gold:   2187       SH:  4    Dex: 12    Spells: 13/32 levels left

rFire   . . .      SeeInvis +   t - +3 war axe (flame)
rCold   + . .      Faith    .   H - +1 buckler
rNeg    . . .      Spirit   .   u - +7 Kryia's mail coat {PotionHeal*2 rC+}
rPois   .          Reflect  .   c - +3 crown of Dyrovepreva {rElec Int+2 SInv}
rElec   +          Harm     .   y - +0 cloak
rCorr   .          Rampage  .   (gloves unavailable)
Will    +....                   l - +1 pair of boots
Stlth   +++.......              r - amulet of Menwogek {RegenMP Str+3 SInv}
HPRegen 0.28/turn               v - +6 ring of strength
MPRegen 0.60/turn               o - +4 ring of protection

@: about to teleport
A: powered by pain 1, spiny 2, sharp scales 3, demonic touch 3
a: Renounce Religion, Potion Petition, Call Merchant, Bribe Branch


You were on level 2 of the Orcish Mines.
You worshipped Gozag.
Gozag was most pleased with you.
You visited 4 branches of the dungeon, and saw 21 of its levels.

You collected 6292 gold pieces.
You spent 2764 gold pieces at shops.
You paid 1341 gold pieces to Gozag.

Inventory:

Hand Weapons
 t - a +3 war axe of flaming (weapon)
 w - a +3 broad axe of pain
 R - the +9 dagger of Exquisite Torment {drain, rPois rF+ Int+2}
   (You found it on level 3 of the Lair of Beasts)

   A truly terrible weapon, it drains the life of any living foe it strikes.
   Int:       It affects your intelligence (+2).
   rF:        It protects you from fire.
   rPois:     It protects you from poison.
Missiles
 s - 38 poisoned darts (quivered)
 E - 4 curare-tipped darts
 N - 6 datura-tipped darts
Armour
 c - the +3 crown of Dyrovepreva (worn) {rElec Int+2 SInv}
   (You bought it in a shop on level 11 of the Dungeon)

   Int:       It affects your intelligence (+2).
   rElec:     It insulates you from electricity.
   SInv:      It lets you see invisible.
 l - a +1 pair of boots (worn)
 n - the +5 steam dragon scales of Courage {Will++ Int-2 Dex+5}
   (You bought it in a shop on level 11 of the Dungeon)

   Int:       It affects your intelligence (-2).
   Dex:       It affects your dexterity (+5).
   Will:      It greatly increases your willpower.
 u - the +7 Kryia's mail coat (worn) {PotionHeal*2 rC+}
   (You took it off a wight on level 7 of the Dungeon)

   Potions are twice as effective at healing its wearer.
   rC:        It protects you from cold.
 y - a +0 cloak (worn)
 H - a +1 buckler (worn)
 K - the +0 robe of the Hall of Blades {Dex+3}
   (You found it on level 2 of the Lair of Beasts)

   Dex:       It affects your dexterity (+3).
 V - the +0 ring mail of the Storm King {rF- Int+5 Dex+3}
   (You found it on level 2 of the Lair of Beasts)

   Int:       It affects your intelligence (+5).
   Dex:       It affects your dexterity (+3).
   rF:        It makes you vulnerable to fire.
Magical Staves
 W - a staff of poison
Jewellery
 a - a +6 ring of dexterity
 b - an amulet of reflection
 h - a +6 ring of dexterity
 o - a +4 ring of protection (right hand)
 p - a ring of fire
 r - the amulet of Menwogek (around neck) {RegenMP Str+3 SInv}
   (You found it on level 5 of the Lair of Beasts)

   [amulet of magic regeneration]

   It increases your rate of magic regeneration.
   Str:       It affects your strength (+3).
   SInv:      It lets you see invisible.
 v - a +6 ring of strength (left hand)
 z - a ring of ice
Wands
 f - a wand of flame (28)
 q - a wand of iceblast (1)
 B - a wand of digging (18)
 J - a wand of mindburst (10)
Scrolls
 e - 7 scrolls of amnesia
 g - 2 scrolls of butterflies
 I - 2 scrolls of silence
 M - a scroll of poison
 Q - a scroll of brand weapon
 T - a scroll of immolation
 U - a scroll of vulnerability
 X - 2 scrolls of identify
Potions
 d - a potion of ambrosia
 i - a potion of berserk rage
 j - 4 potions of resistance
 k - 9 potions of curing
 m - 4 potions of mutation
 x - 4 potions of lignification
 A - 2 potions of invisibility
 G - 3 potions of brilliance
 S - 2 potions of flight
 Z - a potion of magic
Miscellaneous
 D - a phantom mirror
 Y - a phial of floods


   Skills:
 + Level 10.3 Fighting
 + Level 4.2 Axes
 + Level 9.8 Dodging
 + Level 10.7 Stealth
 + Level 9.9 Spellcasting
 - Level 7.4 Conjurations
 - Level 8.0 Hexes
 + Level 5.3 Translocations
 - Level 8.0 Transmutations


You had 13 spell levels left.
You knew the following spells:

 Your Spells              Type           Power      Damage    Failure   Level
a - Magic Dart            Conj           100%       1d8       1%          1
b - Searing Ray           Conj           100%       2d8       1%          2
c - Iskenderun's Mystic   Conj/Tloc      46%        2d10      17%         4
d - Tukima's Dance        Hex            53%        N/A       2%          3
e - Yara's Violent Unrav  Hex/Tmut       26%        3d11      24%         5
f - Passage of Golubria   Tloc           40%        N/A       26%         4

Your spell library contained the following spells:

 Spells                   Type           Power      Damage    Failure   Level
 Dazzling Flash           Conj/Hex       100%       N/A       3%          3
 Static Discharge         Conj/Air       32%        3-7/arc   8%          2
 Fulminant Prism          Conj/Hex       26%        3d14      10%         4
 Summon Guardian Golem    Hex/Summ       33%        N/A       14%         3
 Summon Small Mammal      Summ           48%        N/A       24%         1
 Call Canine Familiar     Summ           12%        N/A       56%         3
 Lightning Bolt           Conj/Air       16%        1d30      80%         5
 Freezing Cloud           Conj/Ice/Air   12%        6-21      93%         5
 Borgnjor's Vile Clutch   Necr/Erth      6%         N/A       100%        5
 Death Channel            Necr           6%         N/A       100%        6
 Maxwell's Capacitive Co  Air            6%         ∞         100%        8
 Chain Lightning          Conj/Air       16%        3d21      100%        9
 Fire Storm               Conj/Fire      16%        8d4       100%        9
 Polar Vortex             Ice            6%         N/A       100%        9
 Shatter                  Erth           6%         3d9*      100%        9
 Animate Dead             Necr           Unusable   N/A       N/A         4
 Simulacrum               Ice/Necr       Unusable   N/A       N/A         6

Dungeon Overview and Level Annotations

Branches:
Dungeon (13/15)            Temple (1/1) D:7            Lair (5/5) D:9
  Swamp (0/4) Lair:2       Spider (0/4) Lair:3        Slime (0/5) Lair:4
    Orc (2/2) D:10
    Elf: Orc:2       Vaults: D:13-14

Altars:
Ashenzari
Cheibriados
Dithmenos
Fedhas
Gozag
Hepliaklqana
Kikubaaqudgha
Makhleb
Nemelex Xobeh
Okawaru
Qazlal
Ru
Uskayaw
Vehumet
Wu Jian
Yredelemnul
Lugonu

Shops:
D:10 (   D:11 [   Orc:1 !   Orc:2 *:   Lair:5 *

Portals:
Abyss: Lair:5

Annotations:
D:3 1 runed translucent door, Crazy Yiuf
Lair:5 2 runed translucent doors, 0gre's ghost, journeyman GnIE


Innate Abilities, Weirdness & Mutations

You sometimes gain a little power by taking damage.
You are mostly covered in sharp spines.
You are completely covered in razor-sharp scales. (AC +3, Slay +3)
Your touch may irresistibly damage your foes and sap their willpower.


Message History

Found Pasazaq's Book Boutique.
The orc warrior throws a boomerang.
The boomerang barely misses you.
An orc knight comes into view. It is wielding a +0 battleaxe.
Found Koisej's Assorted Antiques.
The orc warrior shouts!
The orc warrior is distracted by your dazzling golden aura.
The orc knight roars a battlecry!
You hear a shout!
The orc warrior shouts!
An orc knight comes into view. It is wielding a +0 halberd.
The orc warrior unwields a +1 dire flail of protection.
The orc warrior wields a +0 arbalest.
The orc warrior shoots a bolt.
The bolt hits you.
You hear a shout!
The orc knight roars a battlecry!
The orc knight goes into a battle-frenzy!
The orc warrior shoots a bolt.
The bolt closely misses you.
There is an entrance to Pasazaq's Book Boutique here.
The +7 Kryia's mail coat enhances the healing.
You feel much better.
The orc knight roars a battlecry!
The orc warrior shoots a bolt.
The bolt closely misses you.
As you read the scroll of teleportation, it crumbles to dust.
You feel strangely unstable.
You hit the orc knight but do no damage.
The orc knight is moderately wounded.
You hit the ice devil. You burn the ice devil.
The orc knight is struck by your spines.
The orc knight hits you with a +2 great sword!
The ice devil is struck by your spines. The ice devil completely misses you.
You hit the orc knight. You burn the orc knight.
The orc knight is heavily wounded.
You barely miss the ice devil.
The orc knight is struck by your spines.
The orc knight hits you with a +2 great sword!
The ice devil hits you but does no damage.
The orc knight hits you with a +2 great sword!!
* * * LOW HITPOINT WARNING * * *
The orc knight hits you from afar with a +0 halberd!!
You die...
Your body crumbles into a pile of gold.

#.$o..##.#
#.#.$o.o.#.#
......##....#
......o.##..##
.....oo..#o.#
.....o.o4...#
.......o##..#
$
#.....##.4.##
.##..o@##
.....∩###
###### $


You could see 3 orc knights, an ice devil (summoned), an orc sorcerer (strong),
3 orc warriors and an orc priest (misshapen).

Vanquished Creatures
  Gastronok (D:9)
  An orc warlord (Orc:1)
  Snorg (Orc:1)
  6 hydras
  A boulder beetle (Lair:3)
  Fannar (Orc:1)
  A two-headed ogre (D:12)
  Erica (D:11)
  3 thrashing horrors (Lair:5)
  Amaemon (D:8)
  3 orc sorcerers
  2 orc knights (Orc:1)
  Pikel (D:8)
  A harpy (shapeshifter) (Lair:5)
  5 ugly things
  A manticore (D:11)
  3 elephants (Lair:4)
  Joseph (D:7)
  A torpor snail (Lair:5)
  A smoke demon (Lair:5)
  A black mamba (Lair:2)
  An orange demon (D:8)
  10 cane toads
  Maggie (D:6)
  A rime drake (Lair:3)
  3 unseen horrors
  A kobold demonologist (D:5)
  10 komodo dragons
  A burning bush (Lair:3)
  9 trolls
  An ancient zyme (Lair:5)
  A polar bear (Lair:4)
  Grinder (D:4)
  A hornet (D:9)
  18 blink frogs
  17 slime creatures
  A spriggan (Lair:5)
  2 ynoxinuls (Lair:5)
  2 shadows
  A vampire (D:12)
  17 yaks
  2 large abominations (Lair:5)
  6 basilisks
  4 wyverns
  2 wraiths (D:9)
  6 vampire mosquitoes
  7 small abominations (Lair:5)
  A chaos spawn (Lair:5)
  4 wargs
  Menkaure (D:6)
  2 acid dragons
  18 water moccasins
  Duvessa (D:6)
  32 orc warriors
  2 sky beasts (D:7)
  A black bear (Lair:2)
  6 ogres
  5 centaurs
  A phantom (D:5)
  A lemure (D:8)
  3 kobold brigands
  Blork the orc (D:4)
  13 bullfrogs
  A necrophage (D:7)
  2 gnoll sergeants
  3 scorpions
  6 wights
  7 killer bees (D:9)
  Dowan (D:6)
  4 howler monkeys
  2 hounds
  2 jellies
  17 orc priests
  A gnoll bouda (D:9)
  3 iguanas
  Natasha (thrice) (D:2)
  19 orc wizards
  Robin (D:4)
  18 gnolls
  10 adders
  A shadow imp (D:7)
  2 white imps (D:6)
  A worm (shapeshifter) (Lair:5)
  6 worms
  3 dart slugs
  68 orcs
  8 ball pythons
  6 endoplasms
  3 giant cockroaches
  11 goblins
  8 hobgoblins
  4 quokkas
  2 bats (D:1)
  5 frilled lizards
  24 kobolds
  4 rats
511 creatures vanquished.

Vanquished Creatures (collateral kills)
  An orc warlord (Orc:1)
  An orc sorcerer (Orc:1)
  An ancient zyme (Lair:5)
  2 blink frogs (Lair:5)
  A basilisk (Lair:5)
  2 small abominations (Lair:5)
  An ogre (Orc:1)
  An orc (Orc:1)
10 creatures vanquished.

Vanquished Creatures (others)
  3 dancing weapons
  Ijyb (D:4)
  An orc wizard (Orc:1)
  21 fungi
  25 plants
  A withered plant (D:12)
52 creatures vanquished.

Grand Total: 573 creatures vanquished

Notes
Turn   | Place    | Note
-------+----------+-------------------------------------------
     0 | D:1      | croobank the Demonspawn Conjurer began the quest for the
                  | Orb.
     0 | D:1      | Reached XP level 1. HP: 13/13 MP: 3/3
   349 | D:1      | Gained mutation: You are partially covered in sharp spines.
                  | [demonic ancestry]
   349 | D:1      | Reached XP level 2. HP: 11/19 MP: 0/5
   475 | D:1      | Learned a level 2 spell: Searing Ray
   670 | D:1      | Found a faded altar of an unknown god.
  1348 | D:2      | Gained mutation: Your touch may inflict minor irresistible
                  | damage on your foes. [demonic ancestry]
  1348 | D:2      | Reached XP level 3. HP: 24/24 MP: 3/6
  1683 | D:2      | Noticed Natasha
  1687 | D:2      | Killed Natasha
  1688 | D:2      | Reached skill level 1 in Fighting
  1688 | D:2      | Gained mutation: You are partially covered in razor-sharp
                  | scales. (AC +1, Slay +1) [demonic ancestry]
  1688 | D:2      | Reached XP level 4. HP: 32/32 MP: 2/7
  2092 | D:2      | Noticed Natasha
  2101 | D:2      | Killed Natasha
  2238 | D:2      | Noticed Natasha
  2248 | D:2      | Killed Natasha
  2249 | D:2      | Reached XP level 5. HP: 28/37 MP: 3/9
  2405 | D:2      | Learned a level 4 spell: Iskenderun's Mystic Blast
  2932 | D:3      | Found a runed translucent door.
  2933 | D:3      | Noticed Crazy Yiuf
  3026 | D:3      | Identified the +0 robe of Giodwaa {-Tele rC+ Str+5 Stlth+}
  3245 | D:3      | Found a hazy altar of Hepliaklqana.
  3336 | D:3      | Found an ornate altar of the Wu Jian Council.
  3694 | D:4      | Noticed Grinder
  3715 | D:4      | Paralysed by Grinder for 3 turns
  3728 | D:4      | Killed Grinder
  3729 | D:4      | Reached skill level 5 in Conjurations
  3729 | D:4      | Reached skill level 1 in Translocations
  3729 | D:4      | Gained mutation: Your touch may inflict irresistible damage
                  | on your foes. [demonic ancestry]
  3729 | D:4      | Reached XP level 6. HP: 22/46 MP: 2/10
  4297 | D:4      | Noticed Ijyb
  4303 | D:4      | Killed Ijyb
  4773 | D:4      | Found a radiant altar of Vehumet.
  4775 | D:4      | Noticed Blork the orc
  4779 | D:4      | Noticed Robin
  4789 | D:4      | Killed Blork the orc
  4790 | D:4      | Gained mutation: You are mostly covered in sharp spines.
                  | [demonic ancestry]
  4790 | D:4      | Reached XP level 7. HP: 24/51 MP: 0/12
  4791 | D:4      | Killed Robin
  5104 | D:4      | You fall into a shaft and drop 3 floors!
  5106 | D:7      | Noticed Joseph
  5254 | D:6      | Noticed Maggie
  5535 | D:6      | Noticed Menkaure
  5544 | D:6      | Killed Menkaure
  5573 | D:6      | Noticed a kobold demonologist
  5590 | D:6      | Noticed a rust devil
  5615 | D:5      | Entered Level 5 of the Dungeon
  5648 | D:5      | Gained mutation: You sometimes gain a little power by
                  | taking damage. [demonic ancestry]
  5648 | D:5      | Reached XP level 8. HP: 57/58 MP: 14/14
  5859 | D:5      | Found a snail-covered altar of Cheibriados.
  5860 | D:5      | Found a shadowy altar of Dithmenos.
  5866 | D:5      | Found an iron altar of Okawaru.
  6055 | D:5      | Found a blossoming altar of Fedhas.
  6304 | D:5      | Found a sacrificial altar of Ru.
  6360 | D:5      | Found an ancient bone altar of Kikubaaqudgha.
  6512 | D:6      | Noticed Dowan
  6527 | D:6      | Killed Dowan
  6528 | D:6      | Noticed Duvessa
  6536 | D:6      | Killed Duvessa
  6919 | D:6      | Noticed a smoke demon
  7122 | D:5      | Killed a kobold demonologist
  7296 | D:5      | Learned a level 3 spell: Tukima's Dance
  7324 | D:6      | Killed Maggie
  7325 | D:6      | Reached skill level 5 in Stealth
  7325 | D:6      | Gained mutation: You are mostly covered in razor-sharp
                  | scales. (AC +2, Slay +2) [demonic ancestry]
  7325 | D:6      | Reached XP level 9. HP: 45/66 MP: 4/16
  7666 | D:7      | Reached skill level 5 in Spellcasting
  7877 | D:7      | Reached skill level 5 in Dodging
  7877 | D:7      | Reached skill level 1 in Hexes
  8137 | D:7      | Killed Joseph
  8574 | D:7      | Found a staircase to the Ecumenical Temple.
  8701 | Temple   | Entered the Ecumenical Temple
  8766 | Temple   | Became a worshipper of Gozag Ym Sagoz the Greedy
  8890 | D:7      | Reached skill level 5 in Fighting
 10197 | D:8      | Noticed Pikel
 10225 | D:8      | Killed Pikel
 10226 | D:8      | Reached XP level 10. HP: 64/74 MP: 15/18
 10385 | D:8      | Noticed an orange demon
 10387 | D:8      | Noticed Amaemon
 10405 | D:8      | Killed an orange demon
 10421 | D:8      | Killed Amaemon
 10422 | D:8      | Reached skill level 5 in Translocations
 10931 | D:8      | Found a hide-covered altar of Uskayaw.
 11200 | D:8      | Learned a level 5 spell: Yara's Violent Unravelling
 11382 | D:9      | Found a staircase to the Lair.
 11392 | D:9      | Reached skill level 1 in Transmutations
 12460 | D:9      | Noticed Gastronok
 12607 | D:9      | Killed Gastronok
 12608 | D:9      | Reached XP level 11. HP: 31/83 MP: 10/21
 14388 | Lair:1   | Entered Level 1 of the Lair of Beasts
 14502 | Lair:1   | Reached skill level 5 in Hexes
 14919 | Lair:1   | Noticed an eight-headed hydra
 14932 | Lair:1   | Killed a six-headed hydra
 15598 | Lair:1   | Noticed a seven-headed hydra
 15698 | Lair:1   | Killed a five-headed hydra
 16839 | Lair:2   | Identified the +0 robe of the Hall of Blades {Dex+3}
 16984 | Lair:2   | Found a staircase to the Swamp.
 17035 | Lair:2   | Identified the +0 ring mail of the Storm King {rF- Int+5
                  | Dex+3}
 17438 | Lair:3   | Gained mutation: Your touch may irresistibly damage your
                  | foes and sap their willpower. [demonic ancestry]
 17438 | Lair:3   | Reached XP level 12. HP: 92/92 MP: 23/23
 17831 | Lair:3   | Reached skill level 5 in Transmutations
 18087 | Lair:3   | Identified the +9 dagger of Exquisite Torment {drain, rPois
                  | rF+ Int+2}
 18291 | Lair:3   | Found a hole to the Spider Nest.
 18291 | Lair:3   | Noticed a boulder beetle
 18315 | Lair:3   | Killed a boulder beetle
 20135 | Lair:4   | Noticed a four-headed hydra
 20146 | Lair:4   | Killed a one-headed hydra
 20398 | Lair:4   | HP: 3/95 [elephant (11)]
 20412 | Lair:5   | Entered Level 5 of the Lair of Beasts
 21099 | Lair:4   | Found a staircase to the Slime Pits.
 22301 | Lair:5   | Noticed a four-headed hydra
 22312 | Lair:5   | Killed a one-headed hydra
 22313 | Lair:5   | Gained mutation: You are completely covered in razor-sharp
                  | scales. (AC +3, Slay +3) [demonic ancestry]
 22313 | Lair:5   | Reached XP level 13. HP: 43/101 MP: 14/26
 22541 | Lair:5   | Bought 6 datura-tipped darts for 43 gold pieces
 22541 | Lair:5   | Bought an amulet of reflection for 540 gold pieces
 22541 | Lair:5   | Bought a scroll of identify for 36 gold pieces
 22658 | Lair:5   | Reached skill level 1 in Axes
 24053 | Lair:5   | Identified the amulet of Menwogek {RegenMP Str+3 SInv}
 24337 | Lair:5   | Reached skill level 10 in Stealth
 24465 | Lair:5   | Found a corrupted altar of Lugonu.
 24465 | Lair:5   | Found a one-way gate to the infinite horrors of the Abyss.
 24566 | Lair:5   | Found a large runed translucent door.
 24566 | Lair:5   | Found a large runed translucent door.
 24570 | Lair:5   | Noticed 0gre's ghost (journeyman GnIE)
 25291 | D:10     | Entered Level 10 of the Dungeon
 25344 | D:10     | Found a staircase to the Orcish Mines.
 25346 | D:10     | Found Harefuvvudgh's Weapon Boutique.
 25597 | D:10     | Identified the +3 robe "Vueliun" {+Inv Regen+ SInv
                  | Archmagi}
 25636 | D:10     | Found a burning altar of Makhleb.
 25636 | D:10     | Noticed a green death
 25638 | D:10     | Noticed an angel
 26469 | D:11     | Noticed Erica
 27421 | D:11     | Killed Erica
 27869 | D:11     | Found Zejeamao's Armour Boutique.
 27873 | D:11     | Bought the +3 crown of Dyrovepreva {rElec Int+2 SInv} for
                  | 538 gold pieces
 27873 | D:11     | Found the +3 crown of Dyrovepreva {rElec Int+2 SInv}
 28377 | D:12     | Found an ancient bone altar of Kikubaaqudgha.
 28682 | D:12     | Reached skill level 10 in Fighting
 28773 | D:11     | Bought the +5 steam dragon scales of Courage {Will++ Int-2
                  | Dex+5} for 1199 gold pieces
 29698 | D:12     | Reached XP level 14. HP: 110/110 MP: 16/27
 29952 | Orc:1    | Entered Level 1 of the Orcish Mines
 29952 | Orc:1    | Noticed an orc warlord
 29975 | D:10     | Identified a scroll of acquirement
 29978 | D:10     | Acquired 1192 gold pieces
 29985 | D:10     | Learned a level 4 spell: Passage of Golubria
 30072 | Orc:1    | Killed an orc warlord
 30419 | Orc:1    | Noticed Fannar
 30721 | Orc:1    | Found Koynaup's Distillery.
 30738 | Orc:1    | Killed Fannar
 30948 | Orc:1    | Noticed an orc warlord
 30976 | Orc:1    | Killed an orc warlord
 30995 | Orc:1    | Noticed Snorg
 31023 | Orc:1    | Killed Snorg
 31347 | Orc:1    | Bought a potion of invisibility for 136 gold pieces
 31347 | Orc:1    | Bought a potion of invisibility for 136 gold pieces
 31347 | Orc:1    | Bought a potion of cancellation for 136 gold pieces
 31671 | Orc:2    | Entered Level 2 of the Orcish Mines
 31688 | Orc:2    | Noticed an orc warlord
 31715 | Orc:2    | Found Pasazaq's Book Boutique.
 31717 | Orc:2    | Found Koisej's Assorted Antiques.
 31724 | Orc:2    | Slain by an orc knight

Illustrated notes

Levels and vault maps discovered:
D:1:      denvon_arrival_planthouse, layout_basic,
          ebering_ecumenical_altar_rust, chequers_serial_rivers_room_a,
          dk_noncrumbling_3
D:2:      layout_rooms, uniq_natasha
D:3:      layout_rooms, lemuel_doored_altar, amcnicky_altar_gilded,
          old_standard_altar, uniq_crazy_yiuf_cottage
D:4:      layout_loops_ring, nicolae_vehumet_altar_sigil, minmay_misc_feat_iff,
          uniq_grinder, uniq_robin, uniq_ijyb, uniq_blork_the_orc
D:5:      layout_cave_pools, nicolae_ru_path_of_blood,
          nicolae_overflow_hidden_temple, fedhas_altar_3
D:6:      layout_basic, uniq_maggie, uniq_duvessa, uniq_menkaure
D:7:      layout_cave_pods, temple_hall, uniq_joseph
D:8:      layout_basic, eat_drink_and_be_merry_uskayaw, uniq_amaemon, uniq_pikel
D:9:      minmay_recursive_quarters, layout_basic, erik_lair_orcish_takeover,
          kennysheep_opposing_triangles, uniq_gastronok
D:10:     layout_grid_maze, grunt_temple_overflow_order_and_chaos_2, orc_david_3
D:11:     layout_loops_ring, serial_shops,
          nicolae_shop_competitors_out_of_business, uniq_erica
D:12:     layout_stronghold, serial_column_ruins, column_ruins_grid_3,
          column_ruins_columns_plus, column_ruins_corridor_straight,
          kiku_gazebo_garden_becter
D:13:     layout_gridville, hangedman_vaults_entry_quadrant_bands
Temple:   hellmonk_temple_beads
Lair:1:   dragon1_lemuel, layout_regular_city
Lair:2:   layout_loops_ring, swamp_mist, cheibrodos_lair_reptile_den
Lair:3:   layout_cave_pods, nicolae_spider_entry_non_spiders, evilmike_ambush
          [evilmike_ambush_outer_basic, evilmike_ambush_inner_basic]
Lair:4:   layout_cave_pods, minmay_slime_entry_pillars,
          grunt_forest_small_clearing_treed
Lair:5:   hellmonk_lair_end_abyssal_woods, layout_big_grid,
          ebering_ghost_disaster_area
Orc:1:    layout_diamond_mine, basic_altar, special_room [special_room_orc],
          serial_shops, nicolae_shop_waterfront, uniq_fannar, uniq_snorg
Orc:2:    st_orc_elflike, layout_caves

Skill      XL: |  1  2  3  4  5  6  7  8  9 10 11 12 13 14 |
---------------+-------------------------------------------+-----
Stealth        | 2 3 4 5 6 7 8 9 10 | 10.7
Dodging        | 2 3 4 5 6 7 9 |  9.8
Fighting       | 1 2 3 4 5 6 7 9 10 | 10.3
Spellcasting   | 3 4 5 6 7 9 |  9.9
Conjurations   | 5 6 7 |  7.4
Translocations | 1 2 3 4 5 |  5.3
Hexes          | 2 4 5 7 8 |  8.0
Transmutations | 2 4 5 7 8 |  8.0
Axes           | 3 4 |  4.2

Action                   |  1- 3 |  4- 6 |  7- 9 | 10-12 | 13-15 || total
-------------------------+-------+-------+-------+-------+-------++-------
Melee: Whip              |    15 |    32 |    87 |   110 |       ||   244
       Touch             |     2 |     2 |    20 |    24 |       ||    48
       Punch             |       |       |       |     2 |       ||     2
       War axe           |       |       |       |   165 |   360 ||   525
       Dagger            |       |       |       |    90 |    11 ||   101
       Broad axe         |       |       |       |       |    12 ||    12
Throw: Dart              |       |       |     2 |     3 |       ||     5
 Cast: Magic Dart        |    53 |   101 |   193 |   266 |   197 ||   810
       Searing Ray       |       |     4 |       |    10 |    10 ||    24
       Iskenderun's Myst |       |     1 |     4 |    43 |    87 ||   135
       Tukima's Dance    |       |       |    10 |       |     1 ||    11
       Yara's Violent Un |       |       |       |       |     6 ||     6
Invok: Potion Petition   |       |       |       |     1 |     1 ||     2
       Call Merchant     |       |       |       |       |     1 ||     1
Evoke: Wand              |       |     3 |    19 |     7 |     8 ||    37
  Use: Scroll            |       |    12 |     8 |    11 |    15 ||    46
       Potion            |       |     7 |     5 |       |    12 ||    24
 Stab: Sleeping          |     1 |       |       |     4 |     6 ||    11
       Distracted        |       |       |       |     2 |     6 ||     8
Armor: Robe              |       |     1 |    17 |       |       ||    18
       Steam dragon scal |       |       |    25 |   137 |    61 ||   223
       Ring mail         |       |       |       |    49 |    69 ||   118
       Scale mail        |       |       |       |       |    51 ||    51
Dodge: Dodged            |     8 |    13 |    78 |   327 |   290 ||   716
Block: Buckler           |       |       |       |    38 |   112 ||   150
